 Dungeon Crawl Stone Soup version 0.28-a0-792-g75f770b44e (webtiles) character file.

Game seed: 11901562002277141610

2114 Essalna the Conjurer (level 9, -9/46 HPs)
             Began as a Gargoyle Fire Elementalist on Nov 3, 2021.
             Was a Follower of Vehumet.
             Hit by a large rock thrown by a cyclops (31 damage)
             ... on level 7 of the Dungeon.
             The game lasted 00:15:51 (8413 turns).

Essalna the Conjurer (Gargoyle Fire Elementalist)   Turns: 8413, Time: 00:15:51

Health: -9/46      AC: 10    Str: 11    XL:     9   Next: 29%
Magic:  14/18      EV: 11    Int: 20    God:    Vehumet [*.....]
Gold:   222        SH:  0    Dex: 10    Spells: 18/21 levels left

rFire   . . .      SeeInvis .   y - +0 spear (venom)
rCold   . . .      Faith    .   (no shield)
rNeg    + . .      Spirit   .   w - +0 leather armour {Will+}
rPois   ∞          Reflect  .   (no helmet)
rElec   +          Harm     .   q - +0 cloak
rCorr   .          Rampage  .   (no gloves)
Will    +....                   (no boots)
Stlth   ++........              (no amulet)
HPRegen 0.15/turn               (no ring)
MPRegen 0.16/turn               (no ring)

@: no status effects
A: sickness immunity, AC +6, negative energy resistance 1, electricity
resistance, torment resistance 1, petrification resistance
a: Renounce Religion


You were on level 7 of the Dungeon.
You worshipped Vehumet.
Vehumet was aware of your devotion.
You visited 2 branches of the dungeon, and saw 8 of its levels.

You collected 222 gold pieces.

Inventory:

Hand Weapons
 g - a +0 short sword
 j - a +1 dagger of protection
 y - a +0 spear of venom (weapon)
Armour
 a - a +0 robe
 q - a +0 cloak (worn)
 w - a +0 leather armour of willpower (worn)
Magical Staves
 x - a staff of earth
Scrolls
 c - 5 scrolls of identify {unknown}
 d - a scroll of magic mapping {unknown}
 e - 2 scrolls of vulnerability {unknown}
 h - a scroll of amnesia {unknown}
 m - 2 scrolls of enchant weapon {unknown}
 n - a scroll of noise {unknown}
 t - 2 scrolls of immolation {unknown}
 u - a scroll of enchant armour {unknown}
 A - a scroll of silence {unknown}
Potions
 b - a potion of attraction {unknown}
 f - 2 potions of heal wounds
 i - a potion of might {unknown}
 k - a potion of cancellation {unknown}
 l - 2 potions of resistance
 o - a potion of degeneration {unknown}
 p - a potion of mutation {unknown}
 r - 3 potions of lignification {unknown}
 s - a potion of ambrosia {unknown}
 v - a potion of curing {unknown}
 z - a potion of haste {unknown}


   Skills:
 + Level 0.5 Fighting
 + Level 0.5 Armour
 + Level 1.7 Dodging
 - Level 2.1 Stealth
 + Level 6.5 Spellcasting
 + Level 7.5 Conjurations
 + Level 7.5 Fire Magic


You had 18 spell levels left.
You knew the following spells:

 Your Spells              Type           Power      Damage    Failure   Level
a - Foxfire               Conj/Fire      100%       2x1d9     1%          1
b - Scorch                Fire           72%        2d8       1%          2

Your spell library contained the following spells:

 Spells                   Type           Power      Damage    Failure   Level
 Freeze                   Ice            24%        1d5       13%         1
 Conjure Flame            Conj/Fire      36%        6-21      1%          3
 Flame Wave               Conj/Fire      36%        3d8       6%          4
 Inner Flame              Hex/Fire       21%        N/A       9%          3
 Corpse Rot               Necr/Air       12%        N/A       21%         2
 Dispel Undead            Necr           6%         3d8       78%         4
 Death Channel            Necr           3%         N/A       100%        6


Dungeon Overview and Level Annotations

Branches:
Dungeon (7/15)             Temple (1/1) D:4

Altars:
Ashenzari
Dithmenos
Elyvilon
Fedhas
Hepliaklqana
Kikubaaqudgha
Makhleb
Okawaru
Ru
Trog
Uskayaw
Vehumet
Xom
Yredelemnul
The Shining One


Innate Abilities, Weirdness & Mutations

You are immune to sickness and miasma.
Your stone body is resilient. (AC +6)
You are immune to poison.
You resist negative energy. (rN+)
You are resistant to electric shocks. (rElec)
You are resistant to unholy torment.
You are immune to petrification.


Message History

The orc wizard shouts!
The orc wizard is moderately wounded.
The orc wizard's fire resistance burns away.
You hear a shout!
Casting: Scorch (safe; 1% risk of failure)
Confirm with . or Enter, or press ? or * to list all spells.
Flames lash the orc wizard.
The orc wizard is burned terribly!
The orc wizard is severely wounded.
An orc wizard comes into view. It is wielding a +0 dagger.
Casting: Scorch (safe; 1% risk of failure)
Confirm with . or Enter, or press ? or * to list all spells.
Flames lash the orc wizard.
The orc wizard is burned terribly!
You kill the orc wizard!
Vehumet accepts your kill.
Casting: Scorch (safe; 1% risk of failure)
Confirm with . or Enter, or press ? or * to list all spells.
Flames lash the orc wizard.
The orc wizard is heavily wounded.
The orc wizard's fire resistance burns away.
An orc comes into view. It is wielding a +0 mace.
Casting: Scorch (safe; 1% risk of failure)
Confirm with . or Enter, or press ? or * to list all spells.
Flames lash the orc.
You kill the orc!
Vehumet accepts your kill. The orc wizard barely misses you.
Casting: Scorch (safe; 1% risk of failure)
Confirm with . or Enter, or press ? or * to list all spells.
Flames lash the orc wizard.
The orc wizard is burned terribly!
You kill the orc wizard!
Vehumet accepts your kill.
Found a stone staircase leading down.
Items here: )) [[ †.
The cyclops shouts!
The cyclops throws a large rock.
The large rock hits you!!
Ouch! That really hurt!
You see here a wand of flame (18).
The cyclops throws a large rock.
The large rock hits you!!
Ouch! That really hurt!
You die...

#.##..#.# #. #.#
#####.##..#.+
.####.####......+..'##
........#......#..#..
.......#......#..#..
..>.. #...(..###'## C..
#......##[.## ##'#
#......##.... ###.@#
#......##.### #..)/#
#.[....##.#
.....##)####......##.###
#### #.##........##...#
#.##.#......#..#.#
#.##.............#
#.##.≈≈≈≈.≈≈≈≈≈..#
#.##.≈≈≈≈.≈≈≈≈≈..#
#.##.≈≈≈≈.≈≈≈≈≈..#


You could see a cyclops.

Vanquished Creatures
  A steam dragon (D:6)
  Duvessa (D:5)
  3 ice beasts
  A sky beast (D:5)
  An ogre (D:4)
  A necrophage (D:6)
  A centaur (D:6)
  A gnoll sergeant (D:6)
  A bullfrog (D:6)
  Dowan (D:5)
  2 scorpions
  A water moccasin zombie (D:5)
  A water moccasin skeleton (D:4)
  2 howler monkeys
  A centaur zombie (D:5)
  2 orc priests
  A bullfrog skeleton (D:7)
  A jelly (D:6)
  6 hounds
  5 iguanas
  4 orc wizards
  6 gnolls
  7 adders
  A white imp (D:6)
  3 ufetubi
  A worm (D:2)
  An adder skeleton (D:4)
  3 dart slugs
  12 orcs
  8 endoplasms
  5 giant cockroaches
  6 hobgoblins
  7 jackals
  9 kobolds
  5 quokkas
  9 ball pythons
  2 bats
  9 goblins
  6 rats
138 creatures vanquished.

Vanquished Creatures (others)
  499 foxfires
  A fungus (D:7)
500 creatures vanquished.

Grand Total: 638 creatures vanquished

Notes
Turn   | Place    | Note
-------+----------+-------------------------------------------
     0 | D:1      | Essalna the Gargoyle Fire Elementalist began the quest for
                  | the Orb.
     0 | D:1      | Reached XP level 1. HP: 10/10 MP: 3/3
   406 | D:1      | Reached XP level 2. HP: 10/15 MP: 0/5
  1024 | D:1      | Reached XP level 3. HP: 19/19 MP: 1/6
  1590 | D:2      | Found a faded altar of an unknown god.
  1677 | D:2      | Reached XP level 4. HP: 24/24 MP: 5/8
  1725 | D:2      | Learned a level 2 spell: Scorch
  3180 | D:3      | Reached XP level 5. HP: 28/28 MP: 3/9
  3716 | D:3      | Found a broken altar of Ashenzari.
  4447 | D:4      | Found a staircase to the Ecumenical Temple.
  4458 | Temple   | Entered the Ecumenical Temple
  4573 | Temple   | Became a worshipper of Vehumet
  4844 | D:4      | Found a blossoming altar of Fedhas.
  4893 | D:4      | Reached XP level 6. HP: 21/32 MP: 6/11
  5512 | D:4      | Found a burning altar of Makhleb.
  5523 | D:4      | Reached skill level 5 in Fire Magic
  5523 | D:4      | Reached XP level 7. HP: 36/36 MP: 4/13
  5680 | D:5      | Entered Level 5 of the Dungeon
  5798 | D:5      | Reached skill level 5 in Conjurations
  5804 | D:5      | Noticed Duvessa
  5885 | D:5      | Noticed Dowan
  5889 | D:5      | Killed Duvessa
  6038 | D:5      | Killed Dowan
  6197 | D:5      | Found a hazy altar of Hepliaklqana.
  6197 | D:5      | Found a shadowy altar of Dithmenos.
  6198 | D:5      | Found a sacrificial altar of Ru.
  6207 | D:5      | Reached XP level 8. HP: 37/41 MP: 8/15
  6211 | D:5      | Reached skill level 5 in Spellcasting
  6865 | D:5      | Reached * piety under Vehumet
  6865 | D:5      | Offered knowledge of Freeze by Vehumet.
  7364 | D:6      | Reached XP level 9. HP: 42/45 MP: 3/18
  7705 | D:6      | Found an iron altar of Okawaru.
  7991 | D:6      | Found a hide-covered altar of Uskayaw.
  8131 | D:7      | Noticed a cyclops
  8212 | D:7      | Found a bloodstained altar of Trog.
  8413 | D:7      | Hit by a large rock thrown by a cyclops

Illustrated notes

Levels and vault maps discovered:
D:1:      dpeg_arrival_snail, layout_basic
D:2:      layout_loops_corners, basic_ecumenical_altar
D:3:      layout_basic, ashenzari_altar_1, lemuel_old_faithful
D:4:      layout_cave_pools, fedhas_ov_isle_minmay, mainiacjoe_overflow_catwalk,
          minmay_temple_entry_statues_fountains
D:5:      layout_basic, nicolae_overflow_hidden_temple, uniq_duvessa
D:6:      layout_loops_ring, mainiacjoe_overflow_chevrons,
          lemuel_coloured_pillars_altar
D:7:      minmay_the_grid_plus [minmay_the_grid_gridbox,
          minmay_the_grid_outer_diamond, minmay_the_grid_rooms,
          minmay_the_grid_plusring, minmay_the_grid_prize_inner_circle],
          layout_basic, zin_scriptorium, mainiacjoe_overflow_24_doors,
          minivault_14, uniq_crazy_yiuf_cottage
Temple:   dpeg_chambers_temple

Skill      XL: |  1  2  3  4  5  6  7  8 |
---------------+-------------------------+-----
Conjurations   | 2 3 4 5 7 |  7.5
Spellcasting   | 3 4 6 |  6.5
Fire Magic     | 4 5 7 |  7.5
Fighting       | |  0.5
Armour         | |  0.5
Dodging        | |  1.7
Stealth        | |  2.1

Action                   |  1- 3 |  4- 6 |  7- 9 || total
-------------------------+-------+-------+-------++-------
Melee: Unarmed           |     9 |       |       ||     9
       Short sword       |     2 |       |       ||     2
       Dagger            |    25 |    57 |    38 ||   120
 Cast: Foxfire           |    56 |   143 |    91 ||   290
       Scorch            |       |     3 |    52 ||    55
  Use: Potion            |       |     2 |       ||     2
 Stab: Sleeping          |     2 |     1 |       ||     3
Armor: Robe              |    18 |    29 |    25 ||    72
       Leather armour    |       |       |    28 ||    28
Dodge: Dodged            |    20 |    42 |    76 ||   138

Table legend: (Time is in decaauts)
 A = Elapsed time spent in this place.
 B = Non-inter-level travel time spent in this place.
 C = Inter-level travel time spent in this place.
 D = Time resting spent in this place.
 E = Time spent auto-exploring this place.
 F = Levels seen in this place.
 G = Mean time per level.
                   A        B        C        D        E       F      G
               +--------+--------+--------+--------+--------+-----+--------+
         Total |   8419 |   8233 |    186 |    207 |   6957 |   8 | 1052.4 |
       Dungeon |   8290 |   8116 |    174 |    207 |   6854 |   7 | 1184.3 |
        Temple |    128 |    116 |     12 |      0 |    103 |   1 |  128.0 |
               +--------+--------+--------+--------+--------+-----+--------+

Top non-repeatable levels by time:
     D:3: 1652 daAuts
     D:1: 1404 daAuts
     D:4: 1390 daAuts
     D:2: 1318 daAuts
     D:6: 1253 daAuts
     D:5: 1043 daAuts
     D:7: 227 daAuts
  Temple: 128 daAuts
